 Seeded DCSS version 0.29.1-13-g9f3cf754e1 (webtiles) character file.

Game seed: 323535679049059339 (custom seed)

4027 sanboga the Cleaver (level 10, 0/136 HPs)
             Began as a Minotaur Berserker on Feb 2, 2023.
             Was an Elder of Trog.
             Slain by a boulder beetle (15 damage)
             ... on level 7 of the Dungeon.
             The game lasted 00:08:10 (8848 turns).

sanboga the Cleaver (Minotaur Berserker)            Turns: 8848, Time: 00:08:10

Health: 0/136      AC:  8    Str: 27    XL:     10   Next: 4%
Magic:  9/9        EV: 11    Int:  4    God:    Trog [****..]
Gold:   302        SH:  5    Dex:  9    Spells: 9/9 levels left

rFire   . . .      SeeInvis .   a - +2 broad axe (flame)
rCold   . . .      Faith    .   (no shield)
rNeg    . . .      Spirit   .   p - +0 ring mail
rPois   .          Reflect  +   (helmet restricted)
rElec   .          Harm     .   (no cloak)
rCorr   .          Rampage  .   o - +0 pair of gloves
Will    .....                   (no boots)
Stlth   ..........              u - amulet of reflection
HPRegen 0.32/turn               q - ring of flight
MPRegen 0.11/turn               (no ring)

@: berserking (expiring), flying, very quick
A: horns 2, retaliatory headbutt
a: Renounce Religion, Berserk, Trog's Hand, Brothers in Arms


You were on level 7 of the Dungeon.
You worshipped Trog.
Trog was greatly pleased with you.
You visited 1 branch of the dungeon, and saw 7 of its levels.

You collected 566 gold pieces.
You spent 264 gold pieces at shops.

Inventory:

Hand Weapons
 a - a +2 broad axe of flaming (weapon)
 b - the +4 battleaxe of Seddooj {drain, SInv}
   (You bought it in a shop on level 2 of the Dungeon)

   A truly terrible weapon, it drains the life of any living foe it strikes.
   SInv:      It lets you see invisible.
Armour
 o - a +0 pair of gloves (worn)
 p - a +0 ring mail (worn)
Jewellery
 q - a ring of flight (left hand)
 u - an amulet of reflection (around neck)
Wands
 h - a wand of roots (25)
 j - a wand of light (3)
Scrolls
 d - a scroll of identify
 f - a scroll of magic mapping
 i - 2 scrolls of blinking
 t - a scroll of silence
Potions
 c - a potion of ambrosia {unknown}
 e - 6 potions of curing
 g - a potion of haste
 k - 3 potions of cancellation
 m - 4 potions of heal wounds {unknown}
 n - 5 potions of invisibility {unknown}
 v - a potion of might {unknown}
 w - a potion of resistance
 x - 2 potions of attraction {unknown}
 z - 2 potions of lignification {unknown}
 B - a potion of mutation {unknown}
 C - a potion of berserk rage {unknown}


   Skills:
 + Level 9.5 Fighting
 * Level 12.6 Axes
 + Level 9.0 Armour
 - Level 2.5 Dodging


You had 9 spell levels left.
You didn't know any spells.
Your spell library was empty.

Dungeon Overview and Level Annotations

Branches:
Dungeon (7/15)             Temple (0/1) D:7

Altars:
Gozag
Nemelex Xobeh
Ru

Shops:
D:2 (


Innate Abilities, Weirdness & Mutations

You have a pair of horns on your head.
You reflexively headbutt those who attack you in melee.


Message History

Trog accepts your kill.
You slash something! You burn something.
A boulder beetle comes into view.
Something hits you but does no damage.
You hit the two-headed ogre. You burn the two-headed ogre.
The two-headed ogre is lightly wounded.
You miss something. You slice the two-headed ogre!!
You burn the two-headed ogre.
The two-headed ogre is heavily wounded.
You slash something! You burn something. Trog accepts your kill.
Reactivating autopickup.
You feel a bit more experienced. The two-headed ogre misses you.
The two-headed ogre hits you with a +0 giant club.
* * * LOW HITPOINT WARNING * * *
You slash the two-headed ogre! You burn the two-headed ogre.
The two-headed ogre is severely wounded.
You slice the two-headed ogre!! You burn the two-headed ogre.
You kill the two-headed ogre!
Trog accepts your kill.
Your Armour skill increases to level 9!
You have reached level 10!
The boulder beetle bites you.
* * * LOW HITPOINT WARNING * * *
Things that are here:
a +0 giant spiked club; a +0 giant club; a two-headed ogre corpse You slash the boulder beetle!
You burn the boulder beetle! You headbutt the boulder beetle.
The boulder beetle is moderately wounded.
The boulder beetle barely misses you.
You hit the boulder beetle. You burn the boulder beetle.
The boulder beetle is moderately wounded.
You slice the boulder beetle!! You burn the boulder beetle.
The boulder beetle is severely wounded.
The boulder beetle bites you!!
* * * LOW HITPOINT WARNING * * *
You hit the boulder beetle but do no damage.
The boulder beetle is severely wounded.
The boulder beetle bites you!
You die...

#######.####......#.#
.......!....#..##.#.#
............##.##.#.#
................#.#.#
............###...#.#
#......$.)....###...#.##
#..(....................
#....#####.#########!###
#....#.@B...... ##..(..#
#....#.###'###.##.......
#....#.# #.#...###..
#....#.# #.#..## #.
#......# #....# .
#....#.# #.#..## #.
##.#.#.# #.#...###..
#...#.# ### # ##.......
#.#.#.. ... ##.....#


You could see a boulder beetle.

Vanquished Creatures
  A two-headed ogre (D:7)
  A kobold demonologist (D:7)
  3 trolls (D:7)
  A slime creature (D:7)
  Eustachio (D:4)
  A steam dragon (D:7)
  Edmund (D:5)
  2 water moccasins
  A sky beast (D:7)
  2 centaurs (D:7)
  3 ogres
  A bullfrog (D:4)
  7 scorpions
  A howler monkey (D:7)
  5 hounds
  2 jellies (D:7)
  2 gnoll boudas (D:6)
  3 iguanas
  An orc wizard (D:7)
  Robin (D:3)
  16 gnolls
  4 adders
  4 white imps
  2 ufetubi
  3 worms
  3 dart slugs
  6 orcs
  9 endoplasms
  7 giant cockroaches
  11 hobgoblins
  2 jackals (D:3)
  6 quokkas
  4 ball pythons
  9 bats
  A frilled lizard (D:3)
  26 goblins
  5 kobolds
  5 rats
163 creatures vanquished.

Notes
Turn   | Place    | Note
-------+----------+-------------------------------------------
     0 | D:1      | sanboga the Minotaur Berserker began the quest for the Orb.
     0 | D:1      | Reached XP level 1. HP: 19/19 MP: 0/0
   447 | D:1      | Found a faded altar of an unknown god.
   455 | D:1      | Reached XP level 2. HP: 27/27 MP: 1/1
  1100 | D:2      | Identified a scroll of acquirement
  1100 | D:2      | Acquired a +1 broad axe of flaming
  1126 | D:2      | Reached skill level 4 in Axes
  1163 | D:2      | Reached XP level 3. HP: 33/33 MP: 2/2
  1350 | D:2      | Reached XP level 4. HP: 34/41 MP: 1/3
  1352 | D:2      | Reached ** piety under Trog
  1599 | D:2      | Reached skill level 5 in Axes
  1990 | D:2      | Found Hevejis's Antique Weapon Shop.
  2116 | D:2      | Found a sacrificial altar of Ru.
  2340 | D:3      | Reached XP level 5. HP: 46/47 MP: 4/4
  2407 | D:3      | Noticed Robin
  2420 | D:3      | Killed Robin
  2601 | D:3      | Reached *** piety under Trog
  2781 | D:3      | You fall into a shaft and drop 2 floors!
  2781 | D:5      | Entered Level 5 of the Dungeon
  2954 | D:5      | Found a sparkling altar of Nemelex Xobeh.
  3034 | D:5      | Reached skill level 5 in Fighting
  3034 | D:5      | Reached skill level 6 in Axes
  3385 | D:5      | Reached XP level 6. HP: 50/56 MP: 5/5
  3442 | D:4      | Found an opulent altar of Gozag.
  3598 | D:4      | Noticed Eustachio
  3667 | D:2      | Bought a blackened battleaxe for 264 gold pieces
  3667 | D:2      | Identified the +4 battleaxe of Seddooj {drain, SInv} (You
                  | bought it in a shop on level 2 of the Dungeon)
  5016 | D:4      | Killed Eustachio
  5017 | D:4      | Reached skill level 7 in Axes
  5017 | D:4      | Reached skill level 5 in Armour
  5017 | D:4      | Reached XP level 7. HP: 29/62 MP: 6/6
  5347 | D:4      | Reached skill level 8 in Axes
  6083 | D:5      | Noticed Edmund
  6090 | D:5      | Killed Edmund
  6091 | D:5      | Reached XP level 8. HP: 66/71 MP: 7/7
  6197 | D:5      | Reached skill level 9 in Axes
  7152 | D:6      | Reached **** piety under Trog
  7807 | D:7      | Found a staircase to the Ecumenical Temple.
  8034 | D:7      | Noticed a troll
  8035 | D:7      | Noticed a kobold demonologist
  8038 | D:7      | Noticed a soul eater
  8042 | D:7      | Killed a kobold demonologist
  8043 | D:7      | Reached skill level 10 in Axes
  8045 | D:7      | Killed a troll
  8046 | D:7      | Reached XP level 9. HP: 26/81 MP: 8/8
  8422 | D:7      | Reached skill level 11 in Axes
  8824 | D:7      | Noticed a troll
  8833 | D:7      | Killed a troll
  8833 | D:7      | Noticed a troll
  8836 | D:7      | Killed a troll
  8836 | D:7      | Noticed a two-headed ogre
  8837 | D:7      | Reached skill level 12 in Axes
  8839 | D:7      | Noticed a boulder beetle
  8843 | D:7      | Killed a two-headed ogre
  8844 | D:7      | Reached XP level 10. HP: 34/91 MP: 9/9
  8848 | D:7      | Slain by a boulder beetle

Illustrated notes

Levels and vault maps discovered:
D:1:      amcnicky_arrival_feature_with_door, layout_basic,
          hellmonk_ecumenical_altar_lost_god
D:2:      layout_basic, serial_shops, shop, basic_altar, grunt_ministairs_14
D:3:      layout_basic, minmay_goblin_outpost, uniq_robin
D:4:      layout_basic, mainiacjoe_overflow_cross_hatched,
          minmay_joined_circles, uniq_eustachio
D:5:      layout_basic, nemelex_altar_shiori, minmay_misc_feat_chi, uniq_edmund
D:6:      layout_basic, kennysheep_nondescript, feat_on_display
D:7:      layout_basic, minmay_temple_entry_mist, minmay_the_grid_2x2
          [minmay_the_grid_spikes, minmay_the_grid_minigrid_large,
          minmay_the_grid_outer_circle, minmay_the_grid_prize_shrinking_boxes]

Skill      XL: |  1  2  3  4  5  6  7  8  9 |
---------------+----------------------------+-----
Axes           | 4 5 6 7 8 10 12 | 12.6
Fighting       | 4 5 6 8 9 |  9.5
Armour         | 3 4 5 6 7 9 |  9.0
Dodging        | |  2.5

Action                   |  1- 3 |  4- 6 |  7- 9 | 10-12 || total
-------------------------+-------+-------+-------+-------++-------
Melee: Hand axe          |    39 |       |       |       ||    39
       Headbutt          |     5 |    17 |    21 |     1 ||    44
       Broad axe         |    15 |   146 |   141 |     4 ||   306
       Punch             |       |     1 |     3 |       ||     4
Invok: Berserk           |       |     2 |     2 |       ||     4
  Use: Scroll            |     1 |     3 |    16 |       ||    20
       Potion            |       |     1 |       |       ||     1
 Stab: Sleeping          |     1 |     1 |       |       ||     2
Armor: Animal skin       |    16 |     1 |       |       ||    17
       Ring mail         |       |    89 |    41 |       ||   130
Dodge: Dodged            |    47 |   119 |    87 |     1 ||   254
Block: Other             |       |    30 |    32 |       ||    62
       Reflection        |       |     1 |     3 |       ||     4
